 Dungeon Crawl Stone Soup version 0.31-b1-12-gca42e3d1b8 (webtiles) character file.

Game seed: 4801612895116024775

34791 Cheops the Basher (level 13, -3/113 HPs)
             Began as a Minotaur Fighter on Jan 15, 2024.
             Was the Champion of Zin.
             Slain by an elephant (9 damage)
             ... on level 1 of the Lair of Beasts.
             The game lasted 00:36:58 (17215 turns).

Cheops the Basher (Minotaur Fighter)               Turns: 17215, Time: 00:36:59

Health: -3/113     AC: 16    Str: 26    XL:     13   Next: 44%
Magic:  0/20       EV: 10    Int:  9    God:    Zin [******]
Gold:   1159       SH:  7    Dex: 13    Spells: 12/12 levels left

rFire   . . .        a - +9 hammer "Wuemubb" {speed, rN+++ Will- Str+3 Int-4}
rCold   . . .        c - +0 buckler
rNeg    + + +        J - +0 scale mail of Integrity {rPois Will+ rCorr Dex+2}
rPois   +            (helmet restricted)
rElec   .            F - +0 cloak {rCorr}
rCorr   +            n - +0 pair of gloves
SInv    .            (no boots)
Will    .....        B - amulet of guardian spirit Stlth
                     k - +6 ring of intelligence
HPRegen 0.38/turn    x - +4 ring of protection
MPRegen 0.17/turn

%: guardian spirit
@: studying Long Blades
A: horns 2, retaliatory headbutt
a: Renounce Religion, Recite, Vitalisation, Imprison, Sanctuary, Donate Gold


You were on level 1 of the Lair of Beasts.
You worshipped Zin.
Zin was exalted by your worship.
You visited 3 branches of the dungeon, and saw 15 of its levels.

You collected 2044 gold pieces.
You donated 885 gold pieces to Zin.

Inventory:

Hand Weapons
 a - the +9 hammer "Wuemubb" (weapon) {speed, rN+++ Will- Str+3 Int-4}
   (You found it on level 6 of the Dungeon)

   Str+3:     It affects your strength (+3).
   Int-4:     It affects your intelligence (-4).
   rN+++:     It renders you almost immune to negative energy.
   Will-:     It decreases your willpower.
 b - a +2 whip of flaming
 t - a +0 antimagic flail
 Q - a +3 flail of protection
Missiles
 M - a throwing net (quivered)
Armour
 c - a +0 buckler (worn)
 n - a +0 pair of gloves (worn)
 o - a +0 chain mail
 u - a scarf of repulsion
 w - a +2 robe of fire resistance
 F - a +0 cloak of preservation (worn)
 J - the +0 scale mail of Integrity (worn) {rPois Will+ rCorr Dex+2}
   (You found it on level 11 of the Dungeon)

   Dex+2:     It affects your dexterity (+2).
   rPois:     It protects you from poison Will+: It increases your willpower.
   rCorr:     It protects you from acid and corrosion.
 O - a +0 leather armour of cold resistance
Jewellery
 d - a ring of willpower
 k - a +6 ring of intelligence (left hand)
 x - a +4 ring of protection (right hand)
 B - an amulet of guardian spirit (around neck)
 E - a +4 ring of protection
 H - an amulet of the acrobat
Wands
 q - a wand of flame (27)
 y - a wand of mindburst (13)
 L - a wand of quicksilver (4)
Scrolls
 f - a scroll of torment {unknown}
 g - 3 scrolls of blinking {unknown}
 i - 10 scrolls of teleportation
 j - 3 scrolls of enchant armour
 r - 2 scrolls of fog {unknown}
 s - 4 scrolls of amnesia {unknown}
 v - 2 scrolls of immolation {unknown}
 C - 2 scrolls of poison
 D - a scroll of vulnerability
 N - a scroll of butterflies
Potions
 e - 3 potions of attraction
 h - 6 potions of curing
 l - a potion of invisibility
 m - 2 potions of haste
 p - 3 potions of mutation
 z - 3 potions of brilliance
 A - a potion of ambrosia
 G - a potion of magic
 I - a potion of cancellation
 K - 3 potions of heal wounds {unknown}
 P - a potion of enlightenment {unknown}


   Skills:
 - Level 10.0 Fighting
 - Level 14.0 Maces & Flails
 - Level 12.3 Armour
 - Level 13.7 Shields
 * Level 11.8 Invocations


You had 12 spell levels left.
You didn't know any spells.
Your spell library contained the following spells:

 Spells                   Type           Power      Damage    Failure   Level
 Freeze                   Ice            0%         1d3       63%         1
 Shock                    Conj/Air       0%         1d3       63%         1
 Slow                     Hex            0%         N/A       63%         1
 Lesser Beckoning         Tloc           0%         N/A       77%         2
 Call Canine Familiar     Summ           0%         N/A       94%         3
 Confusing Touch          Hex            0%         N/A       94%         3
 Frozen Ramparts          Ice            0%         1d1       94%         3
 Gell's Gravitas          Tloc           0%         N/A       94%         3
 Hailstorm                Conj/Ice       0%         3d5       94%         3
 Sigil of Binding         Hex            0%         N/A       94%         3
 Swiftness                Air            0%         N/A       94%         3
 Teleport Other           Tloc           0%         N/A       94%         3
 Vampiric Draining        Necr           0%         2d6       94%         3
 Airstrike                Air            0%         2d(0-16)  100%        4
 Dimensional Bullseye     Hex/Tloc       0%         N/A       100%        4
 Ignite Poison            Fire/Alch      0%         N/A       100%        4
 Sticky Flame             Fire/Alch      0%         2d4       100%        4
 Dispersal                Tloc           0%         N/A       100%        6
 Ignition                 Fire           0%         3d3       100%        8


Dungeon Overview and Level Annotations

Branches:
Dungeon (13/15)            Temple (1/1) D:7            Lair (1/5) D:8
    Orc (0/2) D:11
 Vaults: D:13-14

Altars:
Ashenzari
Cheibriados
Dithmenos
Elyvilon
Fedhas
Gozag
Hepliaklqana
Kikubaaqudgha
Makhleb
Nemelex Xobeh
Okawaru
Qazlal
Ru
Sif Muna
Trog
Uskayaw
Vehumet
Wu Jian
Xom
Yredelemnul
Zin
The Shining One

Shops:
D:11 (   D:13 [

Portals:
Trove: D:12 (show slimy rune of Zot)

Annotations:
D:4 2 transporters, groovy9's ghost, amateur FeIE
D:5 3 runed translucent doors, rundlesten's ghost, novice OpHW
D:9 2 runed translucent doors


Innate Abilities, Weirdness & Mutations

You have a pair of horns on your head.
You reflexively headbutt those who attack you in melee.


Message History

You hold your ground!
The elephant trunk-slaps you but does no damage.
You block the elephant's attack. The elephant barely misses you.
You completely miss the elephant. You headbutt the elephant.
The elephant is lightly wounded.
You hit the elephant but do no damage. You headbutt the elephant!
The elephant is moderately wounded.
You block the elephant's attack. The elephant misses you.
The elephant barely misses you.
The elephant trunk-slaps you but does no damage.
You hit the elephant. You headbutt the elephant!
The elephant is heavily wounded.
You sock the elephant!
The elephant is severely wounded.
The elephant tramples you.
* * * LOW HITPOINT WARNING * * *
You hold your ground!
You block the elephant's attack. x2
The elephant trunk-slaps you.
* * * LOW HITPOINT WARNING * * *
You bludgeon the elephant!!
The elephant is almost dead.
You sock the elephant!
You kill the elephant!
The elephant tramples you!
* * * LOW HITPOINT WARNING * * *
You hold your ground!
The elephant barely misses you. The elephant tramples you.
* * * LOW HITPOINT WARNING * * *
You hold your ground!
The elephant closely misses you.
Things that are here:
an elephant corpse; an elephant corpse You feel better.
The elephant tramples you!
* * * LOW HITPOINT WARNING * * *
You stumble backwards!
You hit the elephant. You headbutt the elephant.
The elephant is lightly wounded.
You sock the elephant!
The elephant is lightly wounded.
The elephant tramples you!
You die...

######.........#
...............##
.............(..##
.......(.........###
###....P.........(.#
# ##.......P..P...##
# #...............#
# ##.......P......#
##........P..@## #
#...........Y.# #
#.......(....## #
##...........# ##
#....##....P.#
##P###....##...###
#........# #...#
..#......###...#
##.#...†.......#


You could see an elephant.

Vanquished Creatures
  A hydra (D:13)
  7 two-headed ogres
  A boulder beetle (D:13)
  A centaur warrior (D:13)
  A skeletal warrior (D:12)
  Pikel (D:4)
  An orc knight (D:13)
  A cyclops (D:13)
  An ugly thing (D:12)
  4 elephants (Lair:1)
  4 manticores
  A cane toad (Lair:1)
  An unseen horror (D:13)
  A torpor snail (Lair:1)
  2 komodo dragons
  2 gargoyles (D:12)
  3 kobold demonologists
  A hornet (D:11)
  11 slime creatures
  56 yaks
  2 vampires
  2 wraiths
  5 wyverns
  Grum (D:8)
  12 vampire mosquitoes
  2 steam dragons
  3 basilisks
  Menkaure (D:6)
  9 water moccasins
  Duvessa (D:4)
  5 orc warriors
  3 sky beasts
  A laughing skull (D:9)
  10 black bears
  7 wolves
  5 centaurs
  4 kobold brigands
  2 necrophages (D:5)
  6 bullfrogs
  3 gnoll sergeants
  7 scorpions
  5 wights
  Dowan (D:4)
  7 killer bees
  3 howler monkeys (D:9)
  4 electric eels (D:11)
  A bullfrog zombie (D:5)
  A gnoll bouda (D:5)
  4 hounds
  A human zombie (D:5)
  Crazy Yiuf (D:6)
  12 orc priests
  4 jellies
  2 iguanas
  19 orc wizards
  A killer bee zombie (D:5)
  A hound zombie (D:5)
  4 mummies (D:5)
  11 gnolls
  8 adders
  2 shadow imps (D:7)
  3 ufetubi
  3 dart slugs (D:1)
  39 orcs
  8 ball pythons
  7 endoplasms
  2 giant cockroaches
  8 goblins
  9 hobgoblins
  11 kobolds
  3 quokkas
  5 bats
  4 frilled lizards
  6 rats
392 creatures vanquished.

Notes
Turn   | Place    | Note
-------+----------+-------------------------------------------
     0 | D:1      | Cheops the Minotaur Fighter began the quest for the Orb.
     0 | D:1      | Reached XP level 1. HP: 19/19 MP: 0/0
    94 | D:1      | Reached skill level 3 in Maces & Flails
   101 | D:1      | Reached XP level 2. HP: 26/26 MP: 1/1
   303 | D:1      | Reached skill level 4 in Maces & Flails
   377 | D:1      | Reached XP level 3. HP: 31/31 MP: 2/2
   995 | D:2      | Reached skill level 5 in Maces & Flails
  1272 | D:3      | Reached XP level 4. HP: 35/39 MP: 3/3
  2130 | D:4      | Noticed Duvessa
  2130 | D:4      | Noticed Dowan
  2137 | D:4      | Killed Duvessa
  2138 | D:4      | Reached skill level 7 in Maces & Flails
  2138 | D:4      | Reached XP level 5. HP: 7/45 MP: 4/4
  2141 | D:4      | Killed Dowan
  2306 | D:4      | Noticed a black bear
  2314 | D:4      | Killed a black bear
  2315 | D:4      | Reached skill level 8 in Maces & Flails
  2315 | D:4      | Reached XP level 6. HP: 39/51 MP: 5/5
  2392 | D:4      | Noticed Pikel
  2421 | D:4      | Killed Pikel
  2422 | D:4      | Reached skill level 10 in Maces & Flails
  2422 | D:4      | Reached XP level 7. HP: 9/57 MP: 6/6
  2701 | D:4      | Found a shadowy altar of Dithmenos.
  2982 | D:4      | Found a transporter.
  2990 | D:4      | Noticed groovy9's ghost (amateur FeIE)
  2990 | D:4      | Identified the +6 spear of the Glimmering Gods {venom, rC+
                  | Int+6}
  3033 | D:4      | Found a transporter.
  3123 | D:5      | Entered Level 5 of the Dungeon
  3342 | D:5      | Found a sparkling altar of Nemelex Xobeh.
  3382 | D:5      | Reached skill level 11 in Maces & Flails
  3388 | D:5      | Reached XP level 8. HP: 16/64 MP: 7/7
  3680 | D:5      | Found a runed translucent gate.
  3681 | D:5      | Found a runed translucent gate.
  3682 | D:5      | Noticed rundlesten's ghost (novice OpHW)
  3683 | D:5      | Found a runed translucent gate.
  3714 | D:5      | Reached skill level 12 in Maces & Flails
  3913 | D:5      | Reached skill level 13 in Maces & Flails
  4248 | D:5      | Found a basalt altar of Yredelemnul.
  4263 | D:5      | Reached skill level 14 in Maces & Flails
  4263 | D:5      | Reached XP level 9. HP: 66/70 MP: 8/8
  4728 | D:6      | Noticed Menkaure
  4733 | D:6      | Killed Menkaure
  4778 | D:6      | Reached skill level 5 in Shields
  4817 | D:6      | Found a shimmering blue altar of Sif Muna.
  5039 | D:6      | Found a runed translucent door.
  5040 | D:6      | Noticed Crazy Yiuf
  5257 | D:6      | Found a snail-covered altar of Cheibriados.
  5504 | D:6      | Killed Crazy Yiuf
  5508 | D:6      | Identified the +9 hammer "Wuemubb" {speed, rN+++ Will-
                  | Str+3 Int-4}
  5538 | D:6      | Identified a scroll of acquirement
  6428 | D:7      | Found a staircase to the Ecumenical Temple.
  6489 | D:7      | Reached skill level 10 in Shields
  6755 | D:7      | Found an iron altar of Okawaru.
  7067 | Temple   | Entered the Ecumenical Temple
  7212 | D:8      | Reached XP level 10. HP: 77/77 MP: 9/9
  7408 | D:8      | Found a staircase to the Lair.
  7516 | D:8      | Noticed a two-headed ogre
  7535 | D:8      | Killed a two-headed ogre
  7794 | D:8      | Found a burning altar of Makhleb.
  7813 | D:8      | Noticed Grum
  7817 | D:8      | Reached skill level 5 in Armour
  7831 | D:8      | Killed Grum
  8547 | D:8      | Found a broken altar of Ashenzari.
  8857 | D:8      | Reached XP level 11. HP: 79/82 MP: 8/10
  9191 | D:9      | Found a large runed translucent door.
  9192 | D:9      | Found a large runed translucent door.
  9197 | D:9      | Found a large runed translucent door.
  9197 | D:9      | Found a large runed translucent door.
  9314 | D:9      | Found a white marble altar of Elyvilon.
  9323 | D:9      | Noticed a two-headed ogre
  9342 | D:9      | Killed a two-headed ogre
  9343 | D:9      | Reached skill level 10 in Armour
  9468 | D:9      | Noticed a two-headed ogre
  9487 | D:9      | Killed a two-headed ogre
  9553 | D:9      | Found a sacrificial altar of Ru.
 10487 | D:9      | Identified the +7 short sword "Ucwerod" {drain, *Corrode
                  | rF+ Str+7 Dex+4}
 10642 | Temple   | Became a worshipper of Zin the Law-Giver
 10642 | Temple   | Reached * piety under Zin
 10849 | D:10     | Entered Level 10 of the Dungeon
 10932 | D:10     | Acquired 1157 gold pieces
 10933 | D:10     | Reached ** piety under Zin
 10933 | D:10     | Reached *** piety under Zin
 10934 | D:10     | Donated 695 gold pieces to Zin
 10940 | D:10     | Reached **** piety under Zin
 11033 | D:10     | Reached skill level 5 in Fighting
 11095 | D:10     | Noticed a two-headed ogre
 11134 | D:10     | Killed a two-headed ogre
 11351 | D:10     | Reached XP level 12. HP: 100/100 MP: 11/11
 11435 | D:10     | Found a shimmering altar of Xom.
 11806 | D:10     | Found an iron altar of Okawaru.
 11807 | D:10     | Found a glowing golden altar of the Shining One.
 12011 | D:10     | Reached ***** piety under Zin
 12242 | D:11     | Found Xiacvyvo's Antique Weapon Shop.
 12593 | D:11     | Paralysed by a hornet for 3 turns
 12601 | D:11     | Paralysed by a hornet for 1 turns
 12719 | D:11     | Found a staircase to the Orcish Mines.
 12765 | D:11     | Noticed a two-headed ogre
 12775 | D:11     | Killed a two-headed ogre
 12951 | D:11     | Reached skill level 10 in Fighting
 12955 | D:11     | Reached skill level 1 in Invocations
 13077 | D:11     | Identified the +0 scale mail of Integrity {rPois Will+
                  | rCorr Dex+2}
 13220 | D:11     | Reached ****** piety under Zin
 13761 | D:12     | Noticed a two-headed ogre
 13775 | D:12     | Killed a two-headed ogre
 13776 | D:12     | Reached skill level 5 in Invocations
 13880 | D:12     | Found a portal to a secret trove of treasure.
 13970 | D:12     | Found an ornate altar of the Wu Jian Council.
 14065 | D:12     | Noticed a two-headed ogre
 14074 | D:12     | Killed a two-headed ogre
 14785 | D:13     | Noticed a centaur warrior
 14935 | D:13     | Noticed a seven-headed hydra
 14943 | D:13     | Killed a seven-headed hydra
 14953 | D:13     | Noticed a boulder beetle
 14992 | D:13     | Killed a boulder beetle
 15186 | D:13     | Killed a centaur warrior
 15193 | D:13     | Reached XP level 13. HP: 45/113 MP: 5/18
 15503 | D:13     | Found Loduc's Armour Boutique.
 16393 | Lair:1   | Entered Level 1 of the Lair of Beasts
 16413 | Lair:1   | Reached skill level 10 in Invocations
 17213 | Lair:1   | HP: 5/113 [elephant (8)]
 17215 | Lair:1   | Slain by an elephant

Illustrated notes

Levels and vault maps discovered:
D:1:      beargit_arrival_greenhouse, layout_basic
D:2:      minmay_spotlight, layout_basic
D:3:      layout_basic
D:4:      layout_loops_ring, nicolae_dithmenos_through_a_glass_darkly,
          gammafunk_ghost_gnarly_gnolls, uniq_duvessa, uniq_pikel
D:5:      layout_loops_ring, old_standard_altar,
          lemuel_mausoleum_altar_yredelemnul, gammafunk_ghost_split,
          minmay_quadrilaterals
D:6:      layout_basic, marbit_many_paths, overflow_temple_1_default,
          uniq_crazy_yiuf_cottage, uniq_menkaure
D:7:      layout_layer_cave, minmay_temple_entry_fiery, david_defended_altar_orc
D:8:      layout_basic, mainiacjoe_overflow_six_doors_small,
          nicolae_ashenzari_panopticon, minmay_lair_entry_grove, uniq_grum
D:9:      layout_basic, nicolae_ru_the_path_less_chosen, elyvilon_altar_5,
          minmay_hollow_rounded_squares
D:10:     layout_roguey, gammafunk_temple_overflow_pools, lemuel_doored_altar
D:11:     layout_basic, minmay_orc_entry_temple_large, serial_shops,
          nicolae_shop_trees
D:12:     layout_cross, serial_park, serial_park_square2, serial_park_tiny_pond,
          serial_park_gazebo [serial_park_minivault_5x5_3],
          serial_park_tiny_pond, nicolae_trove_entry_isolated,
          nzn_wu_jian_contemplation
D:13:     layout_basic, serial_shops, nicolae_shop_rolling_square
Temple:   cyrus_temple_forest
Lair:1:   layout_long_grid, grunt_megastairs_1, lemuel_fruit_tree,
          uniq_gastronok

Skill      XL: |  1  2  3  4  5  6  7  8  9 10 11 12 13 |
---------------+----------------------------------------+-----
Maces & Flails | 3 4 5 7 8 10 11 14 | 14.0
Shields        | 10 13 | 13.7
Armour         | 7 12 | 12.3
Fighting       | 7 10 | 10.0
Invocations    | 9 11 | 11.8

Action                     |  1- 3 |  4- 6 |  7- 9 | 10-12 | 13-15 || total
---------------------------+-------+-------+-------+-------+-------++-------
  Melee: Flail             |    95 |    80 |   263 |       |       ||   438
         Headbutt          |    15 |     9 |    75 |   157 |    69 ||   325
         Mace              |       |       |    86 |   735 |   216 ||  1037
 Invoke: Donate Gold       |       |       |       |     1 |       ||     1
  Evoke: Wand              |       |       |       |     3 |       ||     3
    Use: Potion            |       |     1 |     1 |     1 |     1 ||     4
         Scroll            |       |       |    11 |     6 |       ||    17
   Stab: Invisible         |       |       |     2 |       |       ||     2
 Armour: Scale mail        |    59 |       |       |   118 |   133 ||   310
         Chain mail        |     2 |    69 |   225 |   247 |       ||   543
  Dodge: Dodged            |    40 |    32 |    87 |   161 |    67 ||   387
  Block: Buckler           |    20 |    19 |    66 |   132 |    51 ||   288
